 Dungeon Crawl Stone Soup version 0.30-a0-266-g2b27a225a3 (webtiles) character file.

Game seed: 10203980318002756470

249 Harunobu the Cudgeller (level 6, -1/39 HPs)
             Began as a Gargoyle Monk on Oct 14, 2022.
             Slain by an ogre
             ... wielding a +0 giant club
              (4 damage)
             ... on level 3 of the Dungeon.
             The game lasted 00:06:16 (3665 turns).

Harunobu the Cudgeller (Gargoyle Monk)              Turns: 3665, Time: 00:06:16

Health: -1/39      AC: 14    Str: 16    XL:     6   Next: 12%
Magic:  6/6        EV: 10    Int: 11    God:
Gold:   251        SH:  0    Dex: 12    Spells: 5/5 levels left

rFire   + . .      SeeInvis .    l - +0 whip
rCold   . . .      Faith    +    (no shield)
rNeg    + . .      Spirit   .    o - +4 scale mail {rF+}
rPois   ∞          Reflect  .    (no helmet)
rElec   +          Harm     .    (no cloak)
rCorr   .          Rampage  .    (no gloves)
Will    .....                    (no boots)
Stlth   +.........               p - amulet of faith
HPRegen 0.26/turn                (no ring)
MPRegen 0.10/turn                (no ring)

@: no status effects
A: sickness immunity, AC +4, negative energy resistance 1, electricity
resistance, torment resistance 1, petrification resistance
a: no special abilities


You were on level 3 of the Dungeon.
You visited 1 branch of the dungeon, and saw 4 of its levels.

You collected 251 gold pieces.

Inventory:

Hand Weapons
 a - a +0 mace
 l - a +0 whip (weapon)
Armour
 b - a +0 robe
 h - a +0 ring mail
 o - a +4 scale mail of fire resistance (worn)
Jewellery
 k - a ring of protection from cold
 p - an amulet of faith (around neck)
 s - a ring of resist corrosion
 u - a +4 ring of evasion
Wands
 r - a wand of iceblast (8)
Scrolls
 e - a scroll of blinking {unknown}
 i - 6 scrolls of identify {unknown}
 j - a scroll of immolation {unknown}
 m - 2 scrolls of teleportation {unknown}
 q - a scroll of amnesia {unknown}
Potions
 c - a potion of ambrosia
 d - a potion of mutation {unknown}
 f - a potion of lignification {unknown}
 g - 2 potions of curing {unknown}
 n - a potion of magic {unknown}
 t - a potion of berserk rage {unknown}


   Skills:
 + Level 4.4 Fighting
 + Level 5.0 Maces & Flails
 + Level 2.0 Armour
 + Level 3.1 Dodging
 + Level 2.4 Stealth


You had 5 spell levels left.
You didn't know any spells.
Your spell library contained the following spells:

 Spells                   Type           Power      Damage    Failure   Level
 Apportation              Tloc           0%         N/A       78%         1
 Necrotise                Necr           0%         1d4       78%         1
 Summon Small Mammal      Summ           0%         N/A       78%         1


Dungeon Overview and Level Annotations

Branches:
Dungeon (4/15)
 Temple: D:4-7

Altars:
Vehumet
Xom
Zin

Shops:
D:4 (


Innate Abilities, Weirdness & Mutations

You are immune to sickness and miasma.
Your stone body is resilient. (AC +4)
You are immune to poison.
You resist negative energy. (rN+)
You are resistant to electric shocks. (rElec)
You are resistant to unholy torment.
You are immune to petrification.


Message History

The gnoll bouda gazes fiercely through you!
You feel as though you will be weak longer.
The gnoll bouda attacks as you move away!
The gnoll bouda hits you but does no damage.
The gnoll bouda gazes fiercely through something!
You feel as though you will be weak longer.
The gnoll bouda attacks as you move away!
The gnoll bouda hits you but does no damage.
The gnoll bouda barks out a call to the hunt!
The gnoll picks up the pace!
There is a stone staircase leading up here.
The gnoll bouda gazes fiercely through you!
You feel as though you will be weak longer.
You climb upwards.
The ogre misses you.
There is a stone staircase leading down here.
The ogre barely misses you.
A scorpion comes into view.
Your attacks no longer feel as feeble.
You barely miss the scorpion.
The scorpion stings you but does no damage.
You hit the scorpion.
The scorpion is moderately wounded.
The scorpion stings you. The ogre completely misses you.
You hit the scorpion.
The scorpion is heavily wounded.
The scorpion misses you.
You hit the scorpion.
The scorpion is severely wounded.
The scorpion barely misses you. The ogre hits you with a +0 giant club!
You hit the scorpion but do no damage.
The scorpion is severely wounded.
The scorpion stings you but does no damage.
You barely miss the scorpion.
The scorpion is severely wounded.
The scorpion stings you. The ogre hits you with a +0 giant club!
* * * LOW HITPOINT WARNING * * *
You hit the scorpion but do no damage.
The scorpion is severely wounded.
The scorpion completely misses you. The ogre hits you with a +0 giant club.
You die...

#.# #.#
######.#
#......#
#.######
#.# #.#
#.#######
#.O@s...#
#######.#
.. O.#
..# .. .


You could see an ogre and a scorpion.

Vanquished Creatures
  A hound (D:4)
  Terence (D:2)
  2 orc wizards
  A gnoll (D:4)
  3 adders
  A worm (D:2)
  2 dart slugs
  10 orcs
  4 ball pythons (D:1)
  9 endoplasms
  2 giant cockroaches
  6 goblins
  7 hobgoblins
  7 jackals
  2 quokkas
  7 bats
  2 frilled lizards
  12 kobolds
  6 rats
85 creatures vanquished.

Vanquished Creatures (others)
  18 plants (D:1)
18 creatures vanquished.

Grand Total: 103 creatures vanquished

Notes
Turn   | Place    | Note
-------+----------+-------------------------------------------
     0 | D:1      | Harunobu the Gargoyle Monk began the quest for the Orb.
     0 | D:1      | Reached XP level 1. HP: 14/14 MP: 1/1
   133 | D:1      | Reached XP level 2. HP: 19/19 MP: 2/2
   618 | D:1      | Reached XP level 3. HP: 23/23 MP: 3/3
  1522 | D:2      | Noticed Terence
  1607 | D:2      | Killed Terence
  1608 | D:2      | Reached skill level 4 in Maces & Flails
  1608 | D:2      | Reached skill level 1 in Armour
  1608 | D:2      | Reached XP level 4. HP: 10/29 MP: 4/4
  2291 | D:2      | Reached XP level 5. HP: 30/33 MP: 5/5
  2548 | D:3      | Found a radiant altar of Vehumet.
  2549 | D:3      | Found a shimmering altar of Xom.
  2550 | D:3      | Found a glowing silver altar of Zin.
  2636 | D:3      | Noticed an ogre
  2647 | D:3      | HP: 1/33 [orc priest/divine providence (11)]
  3219 | D:4      | Found Mufoplez's Antique Weapon Shop.
  3295 | D:4      | Reached skill level 5 in Maces & Flails
  3295 | D:4      | Reached XP level 6. HP: 38/38 MP: 6/6
  3665 | D:3      | Slain by an ogre

Illustrated notes

Levels and vault maps discovered:
D:1:      scummos_arrival_hexagon, layout_loops_cross,
          dreamdust_princess_bridge, lexackson_kobold_supper
D:2:      layout_loops_ring, minivault_5, uniq_terence
D:3:      layout_loops_ring, grunt_temple_overflow_open
D:4:      layout_cave_pods, minmay_temple_entry_fiery, nicolae_stop_n_shop_2,
          chequers_serial_rivers_micro_c, minmay_misc_feat_doors, uniq_natasha

Skill      XL: |  1  2  3  4  5  6 |
---------------+-------------------+-----
Maces & Flails | 4 5 |  5.0
Armour         | 1 2 |  2.0
Dodging        | 3 |  3.1
Fighting       | 4 |  4.4
Stealth        | |  2.4

Action                   |  1- 3 |  4- 6 || total
-------------------------+-------+-------++-------
Melee: Mace              |    57 |       ||    57
       Whip              |   151 |   308 ||   459
       Punch             |       |    10 ||    10
 Stab: Sleeping          |     2 |       ||     2
Armor: Ring mail         |    74 |       ||    74
       Robe              |     1 |       ||     1
       Scale mail        |       |   144 ||   144
Dodge: Dodged            |   132 |   143 ||   275

Table legend: (Time is in decaauts)
 A = Elapsed time spent in this place.
 B = Non-inter-level travel time spent in this place.
 C = Inter-level travel time spent in this place.
 D = Time resting spent in this place.
 E = Time spent auto-exploring this place.
 F = Levels seen in this place.
 G = Mean time per level.
                   A        B        C        D        E       F      G
               +--------+--------+--------+--------+--------+-----+--------+
         Total |   3626 |   3551 |     75 |   1208 |   1320 |   4 |  906.5 |
       Dungeon |   3626 |   3551 |     75 |   1208 |   1320 |   4 |  906.5 |
               +--------+--------+--------+--------+--------+-----+--------+

Top non-repeatable levels by time:
     D:2: 1356 daAuts
     D:1: 1282 daAuts
     D:3: 589 daAuts
     D:4: 397 daAuts
